 Dungeon Crawl Stone Soup version 0.23-a0-315-ga85b81c (webtiles) character file.

12299 MatthieuS the Cleaver (level 11, -1/103 HPs)
             Began as a Deep Dwarf Wanderer on Oct 13, 2018.
             Was an Elder of Makhleb.
             Succumbed to a tengu reaver's poison gas
             ... on level 11 of the Dungeon.
             The game lasted 00:50:09 (10332 turns).

MatthieuS the Cleaver (Deep Dwarf Wanderer)        Turns: 10332, Time: 00:50:09

Health: -1/103     AC: 20    Str: 17    XL:     11   Next: 60%
Magic:  4/4        EV: 12    Int: 13    God:    Makhleb [****..]
Gold:   619        SH:  8    Dex: 14    Spells: 13/13 levels left

rFire    + . .     SeeInvis .   a - +4 war axe
rCold    . . .     Gourm    .   w - +0 shield {AC+3}
rNeg     . . .     Faith    .   s - +1 scale mail {rF+}
rPois    .         Spirit   .   (helmet restricted)
rElec    .         Reflect  .   f - +1 cloak
rCorr    .         Harm     .   D - +1 pair of gloves (curse)
MR       +....                  (no boots)
Stlth    ..........             (no amulet)
HPRegen  0.00/turn              y - +3 ring of evasion
MPRegen  0.09/turn              (no ring)

@: lethally poisoned (-1 -> -16), very slightly contaminated, non-regenerating,
invisible
A: damage resistance, heal wounds, antennae 1, yellow scales 1, sense
surroundings 2, no regeneration
a: Heal Wounds, Minor Destruction, Lesser Servant of Makhleb, Major Destruction,
Renounce Religion


You were on level 11 of the Dungeon.
You worshipped Makhleb.
Makhleb was greatly pleased with you.
You were hungry.

You visited 2 branches of the dungeon, and saw 12 of its levels.

You collected 619 gold pieces.

Inventory:

Hand Weapons
 a - a +4 war axe (weapon)
   (You took it off a wight on level 11 of the Dungeon)
 A - a +1 battleaxe
   (You took it off a wight on level 11 of the Dungeon)
 C - the +8 frozen axe "Frostbite" {freezing cloud, *Noise +Fly rC+}
   (You acquired it on level 10 of the Dungeon)

   It has been specially enchanted to freeze those struck by it, causing extra
   injury to most foes and up to half again as much damage against particularly
   susceptible opponents.
   It can also slow down cold-blooded creatures.
   It protects you from cold.
   It lets you fly.
   It may make noises in combat.
Missiles
 p - 2 throwing nets (quivered) {!f}
Armour
 f - a +1 cloak (worn)
   (You found it on level 1 of the Dungeon)
 s - a +1 scale mail of fire resistance (worn)
   (You took it off Edmund on level 6 of the Dungeon)
 w - a +0 shield of protection (worn)
   (You acquired it on level 10 of the Dungeon)
 B - a +2 helmet
   (You found it on level 9 of the Dungeon)
 D - a cursed +1 pair of gloves (worn)
   (You found it on level 10 of the Dungeon)
Jewellery
 y - a +3 ring of evasion (left hand)
   (You found it on level 2 of the Dungeon)
Wands
 t - a wand of flame (15)
   (You found it on level 10 of the Dungeon)
 u - a wand of random effects (16)
   (You found it on level 10 of the Dungeon)
 v - a wand of digging (44)
   (You found it on level 2 of the Dungeon)
Scrolls
 b - a scroll of fear
 g - 3 scrolls of remove curse {@r2}
 i - 4 scrolls of fog
 j - a scroll of identify {@r1}
 k - a scroll of blinking
 m - 2 scrolls of enchant weapon
 n - 3 scrolls of immolation {!r}
 q - 11 scrolls of teleportation {@r4}
 x - 2 scrolls of holy word
 E - a scroll of vulnerability {!r}
 F - a scroll of brand weapon {unknown}
Potions
 d - a potion of agility
 h - a potion of brilliance
 l - a potion of haste {@q3}
 r - a potion of lignification {!q}
 z - 2 potions of invisibility
Comestibles
 e - 14 rations


   Skills:
 + Level 7.8 Fighting
 * Level 13.9 Axes
 - Level 1.0 Throwing
 + Level 11.0 Armour
 + Level 4.4 Dodging
 - Level 1.2 Stealth
 - Level 2.1 Shields
 - Level 1.7 Spellcasting
   Level 1.1 Necromancy


You had 13 spell levels left.
You didn't know any spells.
Your spell library contained the following spells:

 Spells                   Type           Power        Failure   Level  Hunger
 Summon Butterflies       Summ           #.......     98%         1    ##.....
 Corpse Rot               Necr           N/A          98%         2    ###....
 Sublimation of Blood     Necr           #.........   98%         2    ###....
 Call Canine Familiar     Summ           #.......     100%        3    ####...
 Summon Ice Beast         Ice/Summ       #.......     100%        4    #####..
 Summon Mana Viper        Hex/Summ       #.......     100%        5    ######.
 Summon Hydra             Summ           #.........   100%        7    #######


Dungeon Overview and Level Annotations

Branches:
Dungeon (11/15)            Temple (1/1) D:5            Lair (0/6) D:11
    Orc (0/2) D:11

Altars:
Ashenzari
Cheibriados
Dithmenos
Elyvilon
Fedhas
Gozag
Hepliaklqana
Kikubaaqudgha
Makhleb
Nemelex Xobeh
Okawaru
Qazlal
Ru
Sif Muna
Trog
Uskayaw
Vehumet
Wu Jian
Xom
Yredelemnul
Zin
The Shining One

Annotations:
D:7 1 runed door


Innate Abilities, Weirdness & Mutations

You are resistant to damage.
You can heal yourself by infusing magical energy.
You passively map the area around you.
You do not regenerate.
You have a pair of small antennae on your head.
You are partially covered in yellow scales. (AC +2)


Message History

The ice dragon claws you but does no damage.
The ice dragon tramples you!
* * * LOW HITPOINT WARNING * * *
You stumble backwards!
You hit the ice dragon. The ice dragon closely misses you.
You block the ice dragon's attack. x2
The tengu reaver mumbles some strange words.
The tengu reaver conjures a globe of magical energy!
A battlesphere comes into view.
Unknown command.
You slash the ice dragon!
The ice dragon bites you but does no damage.
The ice dragon claws you but does no damage.
You block the ice dragon's attack.
Unknown command.
You hit the ice dragon but do no damage.
You block the ice dragon's attack.
The ice dragon claws you but does no damage.
The ice dragon tramples you.
* * * LOW HITPOINT WARNING * * *
You hold your ground!
You hit the ice dragon. The ice dragon breathes frost at you.
The blast of cold misses you.
Unknown command.
You are feeling hungry.
You hit the ice dragon. The ice dragon bites you. The ice dragon misses you.
The ice dragon tramples you but does no damage.
The tengu reaver casts a spell at you. The blast of poison engulfs you!
You are poisoned.
* * * LOW HITPOINT WARNING * * *
You catch the helpless ice dragon completely off-guard!
You slash the ice dragon!
You kill the ice dragon!
Makhleb accepts your kill.
Your Armour skill increases to level 11!
You are more poisoned.
* * * LOW HITPOINT WARNING * * *
You feel sick.
Blink to where?
As you read the scroll of blinking, it crumbles to dust.
You feel very sick.
You feel sick.
The tengu reaver points at you and mumbles some strange words.
You are lethally poisoned!
* * * LOW HITPOINT WARNING * * *
* * * LOW HITPOINT WARNING * * *
You feel very sick.
You die...

.#.D#..#,,#.#..#######...........
.#⌠.#..# #...## #...........
.####Q'####...# #...........
...8#..#8.....# #.####..####
...+(...'...#.# ####.# #..###
...8####8....§# ##....# ##...##
............§§# ##..#### ##.....#
#.......###§#§###.##### #.......
.......####§§§§§@.#...####.......
.......#..§§§######.>.#..........
.........§§.....###...#####.....#
..................##'## #.......
#####............##8.8# ##.......
......§§§§......###...###........
.......§§§§....##.#....###...<..#
......##§§>...###.......###.....#
......###§...##.........#.##....#


There were no monsters in sight!

Vanquished Creatures
  Fannar (D:11)
  3 hydras (D:11)
  An ice dragon (D:11)
  A gargoyle (D:10)
  2 trolls
  3 hippogriffs
  Sigmund (D:6)
  9 yaks
  2 hungry ghosts (D:10)
  Edmund (D:6)
  Menkaure (D:5)
  Duvessa (D:6)
  A water moccasin (D:7)
  5 orc warriors
  4 ice beasts
  A sky beast (D:8)
  2 black bears (D:9)
  6 phantoms
  6 ogres
  3 centaurs
  A crocodile (D:8)
  A big kobold (D:5)
  5 bullfrogs
  3 scorpions
  Dowan (D:6)
  A water moccasin skeleton (D:9)
  7 killer bees
  4 howler monkeys
  6 wights (D:11)
  6 crimson imps
  A bullfrog zombie (D:11)
  6 jellies
  5 hounds
  6 orc priests
  A centaur skeleton (D:7)
  Jessica (D:2)
  3 bullfrog skeletons
  6 iguanas
  7 worker ants
  Terence (D:2)
  5 orc wizards
  2 hound skeletons
  2 worker ant zombies
  2 howler monkey zombies
  3 gnolls (D:3)
  11 adders
  A shadow imp (D:5)
  A white imp (D:10)
  7 oozes
  An adder zombie (D:9)
  An adder skeleton (D:5)
  2 worms (D:2)
  4 dart slugs
  6 leopard geckos
  47 orcs
  4 bats
  8 giant cockroaches
  9 goblins
  5 hobgoblins
  2 jackals (D:7)
  13 kobolds
  3 quokkas
  A ball python (D:1)
  2 ball python skeletons (D:4)
  8 frilled lizards
  A jackal skeleton (D:5)
  A jackal zombie (D:7)
  A quokka skeleton (D:4)
  A quokka zombie (D:9)
  3 rats
283 creatures vanquished.

Vanquished Creatures (collateral kills)
  A killer bee (D:11)
1 creature vanquished.

Vanquished Creatures (others)
  A killer bee (D:11)
1 creature vanquished.

Grand Total: 285 creatures vanquished

Notes
Turn   | Place    | Note
-------+----------+-------------------------------------------
     0 | D:1      | MatthieuS the Deep Dwarf Wanderer began the quest for the
                  | Orb.
     0 | D:1      | MatthieuS set off with: a +2 spear, a potion of curing
                  | {@q1}, a +0 robe, a ration
     0 | D:1      | Reached XP level 1. HP: 24/24 MP: 3/3
   139 | D:1      | Reached skill level 1 in Armour
   139 | D:1      | Reached XP level 2. HP: 31/31 MP: 4/4
   700 | D:2      | Reached skill level 5 in Fighting
   700 | D:2      | Reached XP level 3. HP: 26/39 MP: 5/5
   740 | D:2      | Noticed Terence
   803 | D:2      | Killed Terence
   847 | D:2      | Reached XP level 4. HP: 29/46 MP: 6/6
   946 | D:2      | Noticed Jessica
   959 | D:2      | Killed Jessica
  1191 | D:2      | Reached XP level 5. HP: 39/52 MP: 7/7
  1287 | D:2      | Found a snail-covered altar of Cheibriados.
  1397 | D:3      | Found a faded altar of an unknown god.
  2219 | D:4      | Reached skill level 1 in Axes
  2249 | D:4      | Reached skill level 2 in Axes
  2249 | D:4      | Reached XP level 6. HP: 26/62 MP: 8/8
  2305 | D:4      | HP: 3/62 [ogre/giant club (20)]
  2325 | D:4      | Reached skill level 3 in Axes
  2455 | D:4      | Reached skill level 4 in Axes
  2516 | D:4      | Gained mutation: You evolve. [potion of mutation]
  2516 | D:4      | Gained mutation: You are dopey. (Int -2) [potion of
                  | mutation]
  2516 | D:4      | Gained mutation: You have supernaturally acute eyesight.
                  | (SInv) [potion of mutation]
  2541 | D:4      | Reached skill level 5 in Armour
  2541 | D:4      | Reached XP level 7. HP: 42/68 MP: 6/6
  2748 | D:4      | Reached skill level 5 in Axes
  2936 | D:4      | Lost mutation: You are dopey. (Int -2) [potion of mutation]
  2936 | D:4      | Lost mutation: You evolve. [potion of mutation]
  2936 | D:4      | Lost mutation: You have supernaturally acute eyesight.
                  | (SInv) [potion of mutation]
  2936 | D:4      | Gained mutation: Your body sometimes deteriorates upon
                  | taking damage. [potion of mutation]
  2936 | D:4      | Gained mutation: You are partially covered in large bone
                  | plates. (SH +4) [potion of mutation]
  3140 | D:5      | Entered Level 5 of the Dungeon
  3140 | D:5      | Noticed Menkaure
  3149 | D:5      | Killed Menkaure
  3186 | D:5      | Reached skill level 6 in Axes
  3196 | D:5      | Found a staircase to the Ecumenical Temple.
  3365 | D:5      | Reached XP level 8. HP: 30/76 MP: 7/7
  3373 | D:5      | Reached skill level 7 in Axes
  3501 | Temple   | Entered the Ecumenical Temple
  3545 | Temple   | Became a worshipper of Makhleb the Destroyer
  3992 | D:5      | Found a sacrificial altar of Ru.
  4383 | D:6      | Noticed Edmund
  4465 | D:6      | Killed Edmund
  4465 | D:6      | Reached skill level 8 in Axes
  4496 | D:6      | Found a blossoming altar of Fedhas.
  4502 | D:6      | Found a stormy altar of Qazlal.
  4534 | D:6      | Noticed Dowan
  4549 | D:6      | Noticed Duvessa
  4557 | D:6      | Killed Dowan
  4567 | D:6      | Killed Duvessa
  4704 | D:6      | Found a deep blue altar of Sif Muna.
  4774 | D:6      | Noticed Sigmund
  4791 | D:6      | Killed Sigmund
  4791 | D:6      | Reached skill level 9 in Axes
  4822 | D:6      | Found a glowing golden altar of the Shining One.
  4847 | D:6      | Found an opulent altar of Gozag.
  4903 | D:6      | Gained mutation: You passively map the area around you.
                  | [Deep Dwarf growth]
  4903 | D:6      | Reached XP level 9. HP: 41/82 MP: 6/6
  4911 | D:6      | Reached * piety under Makhleb
  5463 | D:7      | Found a runed door.
  5563 | D:7      | Reached skill level 10 in Axes
  5858 | D:7      | Found a shimmering altar of Xom.
  6751 | D:8      | Reached skill level 11 in Axes
  6790 | D:8      | Found a deep blue altar of Sif Muna.
  6971 | D:8      | Found a sparkling altar of Nemelex Xobeh.
  7036 | D:8      | Reached ** piety under Makhleb
  7155 | D:8      | Found a hazy altar of Hepliaklqana.
  7741 | D:9      | Noticed a troll
  7765 | D:9      | Killed a troll
  7765 | D:9      | Reached XP level 10. HP: 36/91 MP: 6/6
  8005 | D:9      | Reached skill level 12 in Axes
  8461 | D:9      | Found a bloodstained altar of Trog.
  8653 | D:10     | Entered Level 10 of the Dungeon
  8660 | D:10     | Reached skill level 1 in Dodging
  8679 | D:10     | Reached skill level 10 in Armour
  8758 | D:10     | Noticed a gargoyle
  8780 | D:10     | HP: 3/92 [gargoyle/stone arrow (26)]
  8781 | D:10     | Killed a gargoyle
  8931 | D:10     | Reached *** piety under Makhleb
  9067 | D:10     | Identified 2 scrolls of acquirement
  9069 | D:10     | Found the +8 frozen axe "Frostbite" {freezing cloud, *Noise
                  | +Fly rC+}
  9147 | D:10     | Reached skill level 13 in Axes
  9250 | D:10     | Reached XP level 11. HP: 28/100 MP: 6/6
  9665 | D:11     | Noticed Fannar
  9685 | D:11     | Killed Fannar
  9685 | D:11     | Reached skill level 1 in Shields
  9736 | D:11     | Noticed a seven-headed hydra
  9745 | D:11     | Noticed a six-headed hydra
  9762 | D:11     | Killed a six-headed hydra
  9762 | D:11     | Reached **** piety under Makhleb
  9762 | D:11     | Killed a nine-headed hydra
  9805 | D:11     | Found a large runed door.
  9810 | D:11     | Found a large runed door.
  9816 | D:11     | Noticed a six-headed hydra
  9841 | D:11     | Killed a 16-headed hydra
 10030 | D:11     | Found a staircase to the Orcish Mines.
 10177 | D:11     | Found a staircase to the Lair.
 10207 | D:11     | Found a glowing golden altar of the Shining One.
 10207 | D:11     | Noticed an ice dragon
 10225 | D:11     | Noticed a tengu reaver
 10270 | D:11     | Lost mutation: Your body sometimes deteriorates upon taking
                  | damage. [potion of mutation]
 10270 | D:11     | Lost mutation: You are partially covered in large bone
                  | plates. (SH +4) [potion of mutation]
 10270 | D:11     | Gained mutation: You are partially covered in yellow
                  | scales. (AC +2) [potion of mutation]
 10270 | D:11     | Gained mutation: You have a pair of small antennae on your
                  | head. [potion of mutation]
 10328 | D:11     | Killed an ice dragon
 10331 | D:11     | HP: 5/103 [tengu reaver] (5)]
 10331 | D:11     | HP: 2/103 [poisoned by a tengu reaver (poison gas)]
 10332 | D:11     | Succumbed to a tengu reaver's poison gas

Vault maps used:
D:1:      minmay_arrival_open_corners
D:2:      cheibriados_altar_1, serial_glass, glass_columns_a, glass_columns_c,
          uniq_terence, uniq_jessica
D:3:      chequers_ecumenical_altar_simple_redux
D:5:      overflow_temple_1_default, minmay_temple_entry_overgrown,
          first_ration, uniq_menkaure
D:6:      nicolae_overflow_crystal_walls,
          grunt_temple_overflow_forces_of_nature, lemuel_doored_altar,
          hangedman_abyss_or_decor_stabs, tgw_sif, uniq_edmund, uniq_duvessa,
          uniq_sigmund
D:7:      kennysheep_little_box, uniq_crazy_yiuf_cottage
D:8:      lemuel_crystal_altar, kennysheep_mini_moat, basic_altar
D:9:      lightli_temple_of_fire
D:10:     st_stairs_6, hangedman_little_slice_of_home, minmay_fire_ice_demons
D:11:     lair_entry_dummy, hiddenorc1_lemuel, jmf_multi_god_temple2,
          uniq_fannar
Temple:   minmay_temple_bridge_abc

Skill      XL: |  1  2  3  4  5  6  7  8  9 10 11 |
---------------+----------------------------------+-----
Armour         | 1 2 3 4 5 6 7 9 10 11 | 11.0
Fighting       | 5 7 |  7.8
Axes           | 2 4 6 9 11 13 | 13.9
Dodging        | 2 4 |  4.4
Shields        | 2 |  2.1
Throwing       | |  1.0
Stealth        | |  1.2
Spellcasting   | |  1.7
Necromancy     | |  1.1

Action                   |  1- 3 |  4- 6 |  7- 9 | 10-12 || total
-------------------------+-------+-------+-------+-------++-------
Melee: Spear             |   160 |   135 |       |       ||   295
       Hand axe          |       |   182 |   898 |   446 ||  1526
       Executioner's axe |       |       |       |    47 ||    47
       War axe           |       |       |       |   142 ||   142
 Abil: Heal Wounds       |     1 |    12 |    10 |    11 ||    34
Evoke: Wand              |       |       |    13 |    24 ||    37
  Use: Scroll            |       |    11 |     5 |    10 ||    26
       Potion            |       |    12 |     7 |     7 ||    26
 Stab: Invisible         |       |     4 |       |     4 ||     8
       Paralysed         |       |       |    36 |    21 ||    57
  Eat: Chunk             |       |     6 |    11 |     4 ||    21
       Ration            |       |       |     2 |     2 ||     4
Armor: Chain mail        |    82 |   168 |   189 |       ||   439
       Robe              |     1 |       |       |       ||     1
       Scale mail        |       |       |   127 |   201 ||   328
       Skin              |       |       |     8 |       ||     8
Dodge: Dodged            |    32 |   158 |   326 |   262 ||   778
Block: Other             |       |       |   115 |    50 ||   165
       Shield            |       |       |       |   107 ||   107

Table legend:
 A = Non-vault XP
 B = Vault XP
 C = Vault XP percentage of total XP
 D = Non-vault monster count
 E = Vault monster count
 F = Vault count percentage of total count
                 A         B        C        D         E       F
            +---------+---------+-------+---------+---------+-------
      Total |   11059 |    6511 |  37.1 |     243 |      42 |  14.7
            +---------+---------+-------+---------+---------+-------
        D:1 |      35 |       0 |   0.0 |      17 |       0 |   0.0
        D:2 |     101 |      73 |  42.0 |      19 |       2 |   9.5
        D:3 |      91 |       0 |   0.0 |      22 |       0 |   0.0
        D:4 |     708 |       0 |   0.0 |      22 |       0 |   0.0
        D:5 |     772 |     172 |  18.2 |      42 |       1 |   2.3
        D:6 |     347 |     601 |  63.4 |       6 |       4 |  40.0
        D:7 |    1506 |       0 |   0.0 |      27 |       0 |   0.0
        D:8 |     768 |       0 |   0.0 |      17 |       0 |   0.0
        D:9 |    2852 |       0 |   0.0 |      27 |       0 |   0.0
       D:10 |    3013 |     422 |  12.3 |      28 |      12 |  30.0
       D:11 |     866 |    5243 |  85.8 |      16 |      23 |  59.0
            +---------+---------+-------+---------+---------+-------
